 Dungeon Crawl Stone Soup version 0.26-a0-412-ga3d1f51b80 (webtiles) character file.

Game seed: 479234349766892010

(classic levelgen) 14 EnegeticOcto the Skirmisher (level 2, -3/29 HPs)
             Began as a Troll Fighter on July 24, 2020.
             Slain by an orc
             ... wielding a +0 trident
              (4 damage)
             ... on level 3 of the Dungeon.
             The game lasted 00:00:48 (174 turns).

EnegeticOcto the Skirmisher (Troll Fighter)          Turns: 174, Time: 00:00:49

Health: -3/29      AC:  6    Str: 23    XL:     2   Next: 27%
Magic:  1/1        EV:  8    Int:  4    God:
Gold:   33         SH:  8    Dex:  9    Spells: 1/1 levels left

rFire    . . .     SeeInvis .     - Unarmed
rCold    . . .     Faith    .   b - +0 kite shield
rNeg     . . .     Spirit   .   a - +0 robe
rPois    .         Reflect  .   (helmet restricted)
rElec    .         Harm     .   (no cloak)
rCorr    .                      (gloves unavailable)
MR       .....                  (boots unavailable)
Stlth    +.........             (no amulet)
HPRegen  0.49/turn              (no ring)
MPRegen  0.07/turn              (no ring)

@: no status effects
A: large, unfitting armour, claws 3, regeneration 1, shaggy fur 1, tough skin 3
a: no special abilities


You were on level 3 of the Dungeon.
You visited 1 branch of the dungeon, and saw 3 of its levels.

You collected 33 gold pieces.

Inventory:

Missiles
 d - a throwing net (quivered) {!f}
Armour
 a - a +0 robe (worn)
 b - a +0 kite shield (worn)
Potions
 c - a potion of might {@q3 !q}


   Skills:
 + Level 2.7 Fighting
 - Level 2.4 Dodging
 - Level 2.4 Shields
 + Level 2.5 Unarmed Combat


You had one spell level left.
You didn't know any spells.
Your spell library was empty.

Dungeon Overview and Level Annotations

Branches:
Dungeon (3/15)

Altars:


Innate Abilities, Weirdness & Mutations

You are too large for most types of armour.
You have claws for hands.
Your natural rate of healing is unusually fast.
You are covered in fur. (AC +1)
You have extremely tough skin. (AC +3)


Message History

A hobgoblin comes into view. It is wielding a +0 club.
The hobgoblin shouts!
You hear a shout!
You block the kobold's attack.
You hear an angry hiss.
You hear a shout!
You claw the kobold!
You kill the kobold!
The hobgoblin barely misses you.
You see here a +0 short sword.
You closely miss the hobgoblin.
You see here a +0 short sword.
You claw the hobgoblin!
You kill the hobgoblin!
You have reached level 2!
You see here a +0 short sword.
You see here a +0 club.
A leopard gecko comes into view.
The leopard gecko hisses angrily.
The leopard gecko moves out of view.
A bat comes into view.
The bat hits you but does no damage. You block the bat's attack.
Found 10 gold pieces.
You block the bat's attack. The bat closely misses you.
You scratch the bat.
You kill the bat!
The leopard gecko closely misses you.
You barely miss the leopard gecko.
The leopard gecko bites you but does no damage.
The leopard gecko barely misses you.
You closely miss the leopard gecko. The leopard gecko barely misses you.
You closely miss the leopard gecko. The leopard gecko bites you.
You barely miss the leopard gecko. The leopard gecko bites you.
You miss the leopard gecko. You block the leopard gecko's attack.
You closely miss the leopard gecko. The leopard gecko barely misses you.
The leopard gecko completely misses you.
You scratch the leopard gecko.
The leopard gecko is heavily wounded.
You block the leopard gecko's attack.
You scratch the leopard gecko.
The leopard gecko is almost dead.
The leopard gecko bites you.
You scratch the leopard gecko.
You kill the leopard gecko!
No target in view!
No target in view!
No target in view!
A worm comes into view.
You see here 10 gold pieces.
You see here 10 gold pieces.
You now have 33 gold pieces (gained 10).
Found a throwing net.
You see here a throwing net {!f}.
d - a throwing net {!f} You open the door. 2 orcs come into view.
The orc shouts! x2; You hear a shout!
An orc comes into view. It is wielding a +0 dagger.
The orc shouts!
The orc hits you from afar with a +0 trident.
The orc hits you but does no damage.
Found a leather armour and a ring mail.
There is an open door, spattered with blood here.
You scratch the orc but do no damage. You block the orc's attack.
There is an open door, spattered with blood here.
Your shield prevents you from hitting the orc.
The orc barely misses you.
The orc hits you from afar with a +0 trident.
There is an open door, spattered with blood here.
You barely miss the orc. You block the orc's attack.
The orc hits you but does no damage.
The orc hits you from afar with a +0 trident!
There is an open door, spattered with blood here.
You are too injured to fight recklessly!
There is an open door, spattered with blood here.
You are too injured to fight recklessly!
There is an open door, spattered with blood here.
You are too injured to fight recklessly!
There is an open door, spattered with blood here.
You are too injured to fight recklessly!
There is an open door, spattered with blood here.
You are too injured to fight recklessly!
There is an open door, spattered with blood here.
You are too injured to fight recklessly!
There is an open door, spattered with blood here.
You barely miss the orc. The orc hits you but does no damage.
You block the orc's attack. The orc misses you. The worm bites you!
* * * LOW HITPOINT WARNING * * *
There is an open door, spattered with blood here.
You claw the orc!
You kill the orc!
You block the orc's attack.
There is an open door, spattered with blood here.
You barely miss the orc. The orc barely misses you. The worm bites you.
* * * LOW HITPOINT WARNING * * *
The orc hits you with a +0 war axe.
* * * LOW HITPOINT WARNING * * *
There is an open door, spattered with blood here.
You scratch the orc but do no damage.
The orc hits you from afar with a +0 trident.
You die...

....... ......[
....... .......
....... .......
######
.......######....#
.....o)@w...#....###
......o####........#
......[ #......#.#
....... #.w....# #
....... #......#.###
####### ##.#........
#.#.###.###
#...#.....
#...#.#.###.#


You could see a worm and 2 orcs.

Vanquished Creatures
  A leopard gecko (D:3)
  An orc (D:3)
  4 bats
  2 hobgoblins
  A kobold (D:3)
  A frilled lizard (D:2)
10 creatures vanquished.

Notes
Turn   | Place    | Note
-------+----------+-------------------------------------------
     0 | D:1      | EnegeticOcto the Troll Fighter began the quest for the Orb.
     0 | D:1      | Reached XP level 1. HP: 22/22 MP: 0/0
   124 | D:3      | Reached XP level 2. HP: 29/29 MP: 1/1
   173 | D:3      | HP: 1/29 [orc/+0 war axe (2)]
   174 | D:3      | Slain by an orc

Illustrated notes

Levels and vault maps discovered:
D:1:      lemuel_arrival_room, layout_loops_ring
D:2:      layout_loops_corners, uniq_robin
D:3:      layout_basic, grunt_temple_overflow_open, uniq_natasha

Action                   || total
-------------------------++-------
Melee: Unarmed           ||    44
Armor: Robe              ||    11
Dodge: Dodged            ||    21
Block: Kite shield       ||    23

Table legend: (Time is in decaauts)
 A = Elapsed time spent in this place.
 B = Non-inter-level travel time spent in this place.
 C = Inter-level travel time spent in this place.
 D = Time resting spent in this place.
 E = Time spent auto-exploring this place.
 F = Levels seen in this place.
 G = Mean time per level.
                   A        B        C        D        E       F      G
               +--------+--------+--------+--------+--------+-----+--------+
         Total |    174 |    174 |      0 |      0 |      0 |   3 |   58.0 |
       Dungeon |    174 |    174 |      0 |      0 |      0 |   3 |   58.0 |
               +--------+--------+--------+--------+--------+-----+--------+

Top non-repeatable levels by time:
     D:1: 61 daAuts
     D:3: 58 daAuts
     D:2: 55 daAuts
